 Dungeon Crawl Stone Soup version 0.31-a0-4-gefa6de2278 (webtiles) character file.

Game seed: 648534085788980030

1 CornPuffBuddha the Firebug (level 1, 10/10 HPs)
             Began as a Deep Elf Fire Elementalist on Apr 28, 2023.
             Quit the game on level 1 of the Dungeon on May 4, 2023.
             The game lasted 00:00:44 (65 turns).

CornPuffBuddha the Firebug (DEFE)                     Turns: 65, Time: 00:00:44

Health: 10/10      AC:  2    Str:  5    XL:     1   Next: 16%
Magic:  6/6        EV: 12    Int: 19    God:
Gold:   32         SH:  0    Dex: 15    Spells: 5/6 levels left

rFire   . . .        (no weapon)
rCold   . . .        (no shield)
rNeg    . . .        a - +0 robe
rPois   .            (no helmet)
rElec   .            (no cloak)
rCorr   .            (no gloves)
SInv    .            (no boots)
Will    .....        (no amulet)
Stlth   ++           (no ring)
HPRegen 0.21/turn    (no ring)
MPRegen 0.10/turn

%: no passive effects
@: no status effects
A: no striking features
a: no special abilities


You were on level 1 of the Dungeon.
You visited 1 branch of the dungeon, and saw 1 of its levels.

You collected 32 gold pieces.

Inventory:

Armour
 a - a +0 robe (worn)
Scrolls
 d - a scroll of vulnerability {unknown}
Potions
 b - a potion of magic
 c - a potion of attraction {unknown}


   Skills:
 - Level 2.4 Dodging
 - Level 2.4 Stealth
 + Level 3.0 Spellcasting
 - Level 1.1 Conjurations
 * Level 3.3 Fire Magic


You had 5 spell levels left.
You knew the following spells:

 Your Spells              Type           Power      Damage    Failure   Level
a - Foxfire               Conj/Fire      44%        2x1d6     6%          1

Your spell library contained the following spells:

 Spells                   Type           Power      Damage    Failure   Level
 Scorch                   Fire           30%        2d6       6%          2
 Inner Flame              Hex/Fire       9%         N/A       24%         3
 Volatile Blastmotes      Fire/Tloc      18%        2d11      24%         3
 Flame Wave               Conj/Fire      11%        2d6       52%         4


Dungeon Overview and Level Annotations

Branches:
Dungeon (1/15)

Altars:


Message History

Found 15 gold pieces.
Found a staircase leading out of the dungeon.
You now have 15 gold pieces.
c - a lumpy green potion A hobgoblin comes into view.
Casting: Foxfire (safe; 6% risk of failure)
Confirm with . or Enter, or press ? or * to list all spells.
Okay, then.
You miscast Foxfire.
You are very lightly contaminated with residual magic.
Nothing appears to happen.
Found a leather armour.
The hobgoblin shouts!
A hobgoblin is nearby!
You conjure some foxfire!
The hobgoblin barely misses you.
Your magical contamination has completely faded away.
You hit the hobgoblin.
The hobgoblin is heavily wounded.
The foxfire hits the hobgoblin.
You kill the hobgoblin!
No target in view!
Your foxfire dissipates!
Magic restored.
You now have 32 gold pieces (gained 17).
d - a scroll labelled MUNEANGIUD A frilled lizard comes into view.
Okay, then.
A frilled lizard is nearby!
Found a dented malachite amulet.
Found 8 gold pieces.
Save game and exit?
Welcome back, CornPuffBuddha the Deep Elf Fire Elementalist.
Press ? for a list of commands and other information.
Save game and exit?
Okay, then.
Unknown command.
Saving game... please wait.
Welcome back, CornPuffBuddha the Deep Elf Fire Elementalist.
Press ? for a list of commands and other information.
Are you sure you want to abandon this character and quit the game? (Confirm with "yes".)

..#..$.# .#....#
..l...# .. .....# ..#.
#....# #... ....#
#.#.#####..#####.
#....##..@......"
###......#.#..######
...#..............
#.#...########.#####
#..#..#..#.........#..#
#.....#.#...........#
#.##..##.....#.#.....#
#.##..#......#.#......#
#.##..#......#.#......#


You could see a frilled lizard (asleep).

Vanquished Creatures
  A hobgoblin (D:1)
1 creature vanquished.

Vanquished Creatures (others)
  2 foxfires (D:1)
2 creatures vanquished.

Grand Total: 3 creatures vanquished

Notes
Turn   | Place    | Note
-------+----------+-------------------------------------------
     0 | D:1      | CornPuffBuddha the Deep Elf Fire Elementalist began the
                  | quest for the Orb.
     0 | D:1      | Reached XP level 1. HP: 10/10 MP: 6/6
    65 | D:1      | Upgraded the game from 0.30-a0-1163-gf69bf04e7a to
                  | 0.31-a0-4-gefa6de2278
    65 | D:1      | Quit the game

Illustrated notes

Levels and vault maps discovered:
D:1:      matt_arrival_grand_opening, layout_rooms,
          shapermc_ecumenical_altar_venn

Action                     || total
---------------------------++-------
  Melee: Unarmed           ||     1
   Cast: Foxfire           ||     1
  Dodge: Dodged            ||     1

Table legend: (Time is in decaauts)
 A = Elapsed time spent in this place.
 B = Non-inter-level travel time spent in this place.
 C = Inter-level travel time spent in this place.
 D = Time resting spent in this place.
 E = Time spent auto-exploring this place.
 F = Levels seen in this place.
 G = Mean time per level.
                   A        B        C        D        E       F      G
               +--------+--------+--------+--------+--------+-----+--------+
         Total |     65 |     65 |      0 |      0 |     46 |   1 |   65.0 |
       Dungeon |     65 |     65 |      0 |      0 |     46 |   1 |   65.0 |
               +--------+--------+--------+--------+--------+-----+--------+

Top non-repeatable levels by time:
     D:1: 65 daAuts
